 Dungeon Crawl Stone Soup version 0.24.0-13-gcf9b319 (webtiles) character file.

Game seed: 4676392503106618847, levelgen mode: deterministic

140 Bronimir the Conjurer (level 5, 0/28 HPs)
             Began as a Deep Elf Conjurer on Mar 26, 2020.
             Slain by Grinder (5 damage)
             ... while paralysed by Grinder
             ... on level 3 of the Dungeon.
             The game lasted 00:05:39 (2483 turns).

Bronimir the Conjurer (Deep Elf Conjurer)           Turns: 2483, Time: 00:05:40

Health: 0/28       AC:  2    Str:  5    XL:     5   Next: 2%
Magic:  10/13      EV:  2    Int: 21    God:
Gold:   193        SH:  0    Dex: 15    Spells: 2/12 levels left

rFire    . . .     SeeInvis .   a - +2 dagger (venom)
rCold    . . .     Gourm    .   (no shield)
rNeg     . . .     Faith    .   r - +0 robe
rPois    .         Spirit   .   (no helmet)
rElec    .         Reflect  .   (no cloak)
rCorr    .         Harm     .   (no gloves)
MR       .....                  (no boots)
Stlth    ++........             (no amulet)
HPRegen  0.09/turn              (no ring)
MPRegen  0.13/turn              (no ring)

@: paralysed
A: no striking features
a: no special abilities


You were on level 3 of the Dungeon.
You were hungry.

You visited 1 branch of the dungeon, and saw 3 of its levels.

You collected 193 gold pieces.

Inventory:

Hand Weapons
 a - a +2 dagger of venom (weapon)
 b - a +0 dagger
Missiles
 d - 16 poisoned darts (quivered)
 g - 40 stones
 k - 49 bolts
 l - 19 arrows
Armour
 r - a +0 robe (worn)
Jewellery
 j - a cursed -2 ring of strength {unknown}
 m - an uncursed amulet of guardian spirit {unknown}
Scrolls
 e - 2 scrolls of enchant armour {unknown}
 f - 2 scrolls of noise {unknown}
 i - a scroll of remove curse {unknown}
 o - 2 scrolls of identify {unknown}
Potions
 h - a potion of heal wounds {unknown}
 n - a potion of brilliance {unknown}
 q - a potion of cancellation {unknown}
Comestibles
 c - 5 rations


   Skills:
 * Level 2.8 Dodging
 - Level 2.4 Stealth
 * Level 4.0 Spellcasting
 * Level 6.4 Conjurations


You had 2 spell levels left.
You knew the following spells:

 Your Spells              Type           Power        Failure   Level  Hunger
a - Magic Dart            Conj           ####         1%          1    None
b - Searing Ray           Conj           ####..       1%          2    #......
c - Dazzling Spray        Conj/Hex       ###...       10%         3    ###....
d - Iskenderun's Mystic   Conj           ####....     9%          4    ####...

Your spell library contained the following spells:

 Spells                   Type           Power        Failure   Level  Hunger
 Force Lance              Conj/Tloc      ###.....     32%         4    ####...
 Fulminant Prism          Conj/Hex       ###.......   32%         4    ####...


Dungeon Overview and Level Annotations

Branches:
Dungeon (3/15)

Altars:

Annotations:
D:3 Grinder


Message History

Aim: a rat The magic dart hits the rat.
The rat is heavily wounded.
Casting: Magic Dart (safe; 1% risk of failure)
Confirm with . or Enter, or press ? or * to list all spells.
Aiming: Magic Dart (safe; 1% risk of failure)
Press: ? - help, Shift-Dir - straight line, f/p - rat
Aim: a rat (heavily wounded)
The magic dart hits the rat.
You kill the rat!
Grinder gestures at you.
You suddenly lose the ability to move!
Grinder hits you!
* * * LOW HITPOINT WARNING * * *
The kobold hits you.
* * * LOW HITPOINT WARNING * * *
Grinder hits you.
* * * LOW HITPOINT WARNING * * *
You writhe in agony.
You die...

.. .# #.♣ ♣♣
#.#
#..♣♣.♣♣♣♣♣..#
............
#........#
#.##........#
#......K...>#
#..5@....#
#......†.......
###.........###
#.....>.....#
##........#.#
#.######## . #%
#.


You could see Grinder and a kobold.

Vanquished Creatures
  Jessica (D:2)
  3 adders (D:2)
  2 oozes
  3 worms (D:2)
  3 dart slugs
  2 ball pythons
  3 giant cockroaches (D:1)
  9 goblins
  12 hobgoblins
  4 jackals
  A quokka (D:2)
  3 bats
  2 frilled lizards (D:1)
  8 kobolds
  9 rats
65 creatures vanquished.

Notes
Turn   | Place    | Note
-------+----------+-------------------------------------------
     0 | D:1      | Bronimir the Deep Elf Conjurer began the quest for the Orb.
     0 | D:1      | Reached XP level 1. HP: 10/10 MP: 6/6
   171 | D:1      | Reached XP level 2. HP: 15/15 MP: 1/8
   256 | D:1      | Reached skill level 5 in Conjurations
   703 | D:1      | Reached XP level 3. HP: 19/19 MP: 7/9
  1141 | D:2      | Learned a level 2 spell: Searing Ray
  1145 | D:2      | Learned a level 3 spell: Dazzling Spray
  1473 | D:2      | Reached XP level 4. HP: 20/24 MP: 1/11
  1563 | D:2      | Learned a level 4 spell: Iskenderun's Mystic Blast
  1677 | D:2      | Reached skill level 6 in Conjurations
  2130 | D:2      | Noticed Jessica
  2133 | D:2      | Killed Jessica
  2183 | D:2      | Reached XP level 5. HP: 28/28 MP: 7/12
  2478 | D:3      | Noticed Grinder
  2481 | D:3      | Paralysed by Grinder for 7 turns
  2483 | D:3      | Slain by Grinder

Levels and vault maps discovered:
D:1:      dpeg_arrival_rooms_a, layout_basic, minmay_misc_feat_diagonals,
          minmay_small_reverse_x
D:2:      layout_basic, uniq_jessica
D:3:      layout_rooms, lemuel_crystal_altar, chequers_ecumenical_altar_grove,
          chequers_serial_rivers_room_b, uniq_terence, uniq_grinder

Skill      XL: |  1  2  3  4  5 |
---------------+----------------+-----
Conjurations   | 5 6 |  6.4
Spellcasting   | 4 |  4.0
Dodging        | |  2.8
Stealth        | |  2.4

Action                   |  1- 3 |  4- 6 || total
-------------------------+-------+-------++-------
Melee: Dagger            |     7 |       ||     7
Throw: Dart              |     1 |     1 ||     2
 Cast: Magic Dart        |    86 |    41 ||   127
       Searing Ray       |     1 |     3 ||     4
       Iskenderun's Myst |       |     1 ||     1
  Eat: Chunk             |     2 |     2 ||     4
Armor: Robe              |     6 |       ||     6
Dodge: Dodged            |    15 |       ||    15
